[Event "EYCC Girls-U18 2019"]
[Site "Bratislava"]
[Date "2019.08.09"]
[Round "8.5"]
[White "Sargsyan, Anna M."]
[Black "Beydullayeva, Govhar"]
[Result "1/2-1/2"]
[ECO "A48"]
[WhiteElo "2229"]
[BlackElo "2282"]
[Annotator "NA"]
[PlyCount "120"]
[EventDate "2019.08.02"]
[EventType "swiss"]
[EventCountry "SVK"]
[SourceTitle "playchess.com"]
[Source "ChessBase"]
[SourceQuality "1"]
[TimeControl "40/5400+30:1800+30"]

1. d4 Nf6 2. Nf3 g6 3. Bg5 Bg7 4. Nbd2 O-O 5. c3 d6 6. e4 c5 7. d5 h6 8. Bh4 e6 9. dxe6 Bxe6 10. Bxf6 Qxf6 11. Bc4 Re8 12. O-O Nd7 13. Re1 Qd8 14. Qc2 Qc7 15. a4 Rad8 16. a5 a6 17. Bf1 d5 18. exd5 Bxd5 19. Bc4 Nf6 20. Qb3 Bc6 21. Qc2 Nd5 22. g3 Qd7 23. Rxe8+ Rxe8 24. Qd3 Kf8 25. Rd1 Nf6 26. Qf1 Qc7 27. Nh4 Qe5 28. Qd3 Qh5 29. Nf1 Ne4 30. f3 Ng5 31. Kg2 Ne6 32. Kf2 Bf6 33. Ng2 Rd8 34. Qe2 Rxd1 35. Qxd1 Qe5 36. Nge3 h5 37. Bd5 Bxd5 38. Qxd5 Qxd5 39. Nxd5 Bd8 40. b4 Ke8 41. Ke3 Kd7 42. Kd3 Kd6 43. Kc4 cxb4 44. cxb4 h4 45. Nd2 f5 46. f4 g5 47. Nf3 hxg3 48. hxg3 gxf4 49. gxf4 Bc7 50. Ng5 Nxg5 51. fxg5 Bb8 52. g6 Ke6 53. g7 Kf7 54. Ne7 Kxg7 55. Nxf5+ Kf6 56. Nd4 Ke7 57. Nb3 Kd6 58. b5 axb5+ 59. Kxb5 Bc7 60. a6 bxa6+ 1/2-1/2

[Event "EYCC Girls-U18 2019"]
[Site "Bratislava"]
[Date "2019.08.09"]
[Round "8.6"]
[White "Rudzinska, Michalina"]
[Black "Schneider, Jana"]
[Result "0-1"]
[ECO "C77"]
[WhiteElo "2143"]
[BlackElo "2216"]
[Annotator "NA"]
[PlyCount "68"]
[EventDate "2019.08.02"]
[EventType "swiss"]
[EventCountry "SVK"]
[SourceTitle "playchess.com"]
[Source "ChessBase"]
[SourceQuality "1"]
[TimeControl "40/5400+30:1800+30"]

1. e4 e5 2. Nf3 Nc6 3. Bb5 a6 4. Ba4 Nf6 5. Qe2 b5 6. Bb3 Be7 7. c3 O-O 8. O-O d5 9. d3 Re8 10. Rd1 Bb7 11. Nbd2 Bf8 12. Nf1 h6 13. Ng3 Na5 14. Bc2 c5 15. Nf5 Qc7 16. N3h4 Rad8 17. Bd2 dxe4 18. dxe4 Nc4 19. a4 Nxb2 20. Rdb1 Nc4 21. Be1 Bc6 22. axb5 axb5 23. Qf3 Nd2 24. Bxd2 Rxd2 25. Ng3 c4 26. Ra2 Ra8 27. Rxa8 Bxa8 28. Bd1 Bc5 29. Be2 Qc6 30. Nf1 Rc2 31. Rd1 Qxe4 32. Rd8+ Kh7 33. Rxa8 Rxe2 34. Ng3 Qb1+ 0-1

[Event "EYCC Girls-U18 2019"]
[Site "Bratislava"]
[Date "2019.08.09"]
[Round "8.7"]
[White "Radeva, Viktoria"]
[Black "Redondo Benavente, Ana"]
[Result "1-0"]
[ECO "B32"]
[WhiteElo "2247"]
[BlackElo "2176"]
[Annotator "NA"]
[PlyCount "107"]
[EventDate "2019.08.02"]
[EventType "swiss"]
[EventCountry "SVK"]
[SourceTitle "playchess.com"]
[Source "ChessBase"]
[SourceQuality "1"]
[TimeControl "40/5400+30:1800+30"]

1. e4 c5 2. Nf3 Nc6 3. d4 cxd4 4. Nxd4 e5 5. Nb5 a6 6. Nd6+ Bxd6 7. Qxd6 Qe7 8. Qd1 Nf6 9. Nc3 d6 10. Bg5 Be6 11. Be2 O-O 12. O-O Rad8 13. f4 d5 14. Qe1 d4 15. Nd1 h6 16. Bxf6 Qxf6 17. f5 Bc8 18. Nf2 Qh4 19. g3 Qe7 20. Ng4 f6 21. Bc4+ Kh7 22. a3 Bd7 23. h4 Be8 24. Nh2 b5 25. Bd3 Bf7 26. g4 g5 27. hxg5 hxg5 28. Nf3 Bc4 29. Kg2 Kg8 30. Rh1 Rf7 31. Qe2 Bxd3 32. cxd3 Rh7 33. Rxh7 Kxh7 34. Rc1 Rc8 35. Kg3 Kg7 36. Qh2 Rh8 37. Qc2 Nb8 38. Qc7 Kf7 39. Qb6 Rd8 40. Rc7 Rd7 41. Rc8 Rb7 42. Nxg5+ Kg7 43. Ne6+ Kh7 44. Qa5 b4 45. axb4 Qxb4 46. Qa1 Qd2 47. Qh1+ Qh6 48. Rh8+ Kxh8 49. Qxh6+ Kg8 50. Qg6+ Kh8 51. Qxf6+ Kg8 52. Qg6+ Kh8 53. Qh6+ Kg8 54. Qf8+ 1-0

[Event "EYCC Girls-U18 2019"]
[Site "Bratislava"]
[Date "2019.08.09"]
[Round "8.8"]
[White "Kochukova, Anna"]
[Black "Cramling Bellon, Anna"]
[Result "1-0"]
[ECO "B33"]
[WhiteElo "2148"]
[BlackElo "2030"]
[Annotator "NA"]
[PlyCount "75"]
[EventDate "2019.08.02"]
[EventType "swiss"]
[EventCountry "SVK"]
[SourceTitle "playchess.com"]
[Source "ChessBase"]
[SourceQuality "1"]
[TimeControl "40/5400+30:1800+30"]

1. e4 c5 2. Nf3 e6 3. d4 cxd4 4. Nxd4 Nf6 5. Nc3 Nc6 6. Ndb5 d6 7. Bf4 e5 8. Bg5 a6 9. Na3 b5 10. Nd5 Be7 11. Bxf6 Bxf6 12. c4 b4 13. Nc2 O-O 14. h4 a5 15. g3 Be6 16. Bh3 a4 17. Kf1 Rb8 18. b3 axb3 19. axb3 Nd4 20. Nxd4 exd4 21. Qd3 Bxd5 22. exd5 Ra8 23. Kg2 Qb6 24. Bd7 Ra3 25. Bc6 Qa5 26. Rae1 Be5 27. f4 Bf6 28. h5 h6 29. Re4 Ra2+ 30. Kh3 Ra1 31. Rh2 Rc1 32. Rhe2 Rc3 33. Re8 Rxd3 34. Rxf8+ Kh7 35. Ree8 g5 36. Rxf7+ Bg7 37. Bd7 g4+ 38. Kh4 1-0

[Event "EYCC Girls-U18 2019"]
[Site "Bratislava"]
[Date "2019.08.09"]
[Round "8.9"]
[White "Palma, Maria"]
[Black "Nilssen, Ellen Fredericia"]
[Result "1-0"]
[ECO "A50"]
[WhiteElo "2137"]
[BlackElo "2155"]
[Annotator "NA"]
[PlyCount "67"]
[EventDate "2019.08.02"]
[EventType "swiss"]
[EventCountry "SVK"]
[SourceTitle "playchess.com"]
[Source "ChessBase"]
[SourceQuality "1"]
[TimeControl "40/5400+30:1800+30"]

1. d4 Nf6 2. c4 g6 3. f3 Nc6 4. d5 Ne5 5. e4 d6 6. Nc3 Bg7 7. f4 Ned7 8. Nf3 O-O 9. Bd3 Nc5 10. Bc2 e6 11. O-O exd5 12. cxd5 c6 13. dxc6 bxc6 14. Be3 Qc7 15. e5 Ng4 16. Bxc5 dxc5 17. Qe2 a5 18. Bd3 Rd8 19. Bc4 Qe7 20. Ne4 Be6 21. Rac1 Bd5 22. Rfe1 Rab8 23. b3 Qa7 24. Kh1 Bxe4 25. Ng5 Bf5 26. Nxf7 Kf8 27. Nxd8 Rxd8 28. h3 Nh6 29. Rcd1 Qe7 30. Rxd8+ Qxd8 31. Rd1 Qh4 32. Qd2 Be4 33. Qd6+ Qe7 34. Qb8+ 1-0

[Event "EYCC Girls-U18 2019"]
[Site "Bratislava"]
[Date "2019.08.09"]
[Round "8.10"]
[White "Nazarova, Anastasia"]
[Black "Grigoryan, Arpine"]
[Result "1/2-1/2"]
[ECO "B13"]
[WhiteElo "2149"]
[BlackElo "1996"]
[Annotator "NA"]
[PlyCount "131"]
[EventDate "2019.08.02"]
[EventType "swiss"]
[EventCountry "SVK"]
[SourceTitle "playchess.com"]
[Source "ChessBase"]
[SourceQuality "1"]
[TimeControl "40/5400+30:1800+30"]

1. e4 c6 2. d4 d5 3. exd5 cxd5 4. Bd3 Nc6 5. c3 Qc7 6. Ne2 Bg4 7. O-O e6 8. Qe1 Nf6 9. f3 Bh5 10. Qh4 Rg8 11. Bf4 Bd6 12. Bxd6 Qxd6 13. Qf4 Qe7 14. Nd2 g5 15. Qe3 Bg6 16. Bb5 Nd7 17. Nc1 h5 18. Re1 Nb6 19. b4 Rc8 20. Ncb3 Nd7 21. a3 Bf5 22. Rac1 Nf6 23. Na5 g4 24. f4 Ne4 25. Nxe4 Bxe4 26. Bxc6+ bxc6 27. Nb3 f5 28. Re2 Kf7 29. Rb2 Rb8 30. Nc5 Rb6 31. Ra1 Rgb8 32. Nb3 Ra8 33. Re2 h4 34. Na5 h3 35. g3 Rd8 36. Qd2 Qd7 37. Re3 Rbb8 38. Rae1 Rb5 39. Nb3 Qd6 40. Nc5 Rbb8 41. Qd1 Re8 42. Qe2 Re7 43. a4 Rb6 44. a5 Rb5 45. Ra1 Re8 46. Qf2 Re7 47. Re2 Re8 48. Rea2 Ke7 49. a6 Reb8 50. Nb7 Qd7 51. Qe2 Qc7 52. Ra5 Rb6 53. Rc5 Qd7 54. Ra4 Kf6 55. Kf2 Rc8 56. Ke3 Rb8 57. Kd2 Rc8 58. c4 dxc4 59. Qxc4 Bd5 60. Qe2 Be4 61. Kc3 Re8 62. Re5 Bd5 63. Nc5 Qd6 64. Nb7 Qd7 65. Nc5 Qd6 66. Nb7 {[%emt 0:00:45] Kxe5} 1/2-1/2

[Event "EYCC Girls-U18 2019"]
[Site "Bratislava"]
[Date "2019.08.09"]
[Round "8.11"]
[White "Gajcin, Marina"]
[Black "Sibajeva, Marija"]
[Result "1-0"]
[ECO "B40"]
[WhiteElo "2267"]
[BlackElo "2031"]
[Annotator "NA"]
[PlyCount "117"]
[EventDate "2019.08.02"]
[EventType "swiss"]
[EventCountry "SVK"]
[SourceTitle "playchess.com"]
[Source "ChessBase"]
[SourceQuality "1"]
[TimeControl "40/5400+30:1800+30"]

1. e4 c5 2. Nf3 e6 3. c3 d5 4. e5 Nc6 5. d4 cxd4 6. cxd4 Nge7 7. Nc3 Nf5 8. a3 Bd7 9. b4 Rc8 10. Bb2 Be7 11. Bd3 g6 12. O-O O-O 13. Na4 Nb8 14. Nc5 b6 15. Nxd7 Qxd7 16. Qb3 a6 17. h3 Qb7 18. Rac1 b5 19. g4 Ng7 20. Bc3 f5 21. g5 Ne8 22. Bd2 Nc7 23. h4 Kg7 24. Kg2 Nd7 25. Rh1 Nb6 26. Rh2 Nc4 27. Rch1 Rh8 28. Bc1 Qa8 29. h5 Rcg8 30. Be2 Qd8 31. hxg6 hxg6 32. Rh6 Rxh6 33. Rxh6 Rh8 34. Nh4 Rxh6 35. gxh6+ Kh7 36. Nxg6 Bg5 37. Nf8+ Qxf8 38. Bxg5 Qg8 39. f4 Nd2 40. Qc3 Nc4 41. Kf2 Qf7 42. Ke1 Qe8 43. Qh3 Qg8 44. Bh5 Na8 45. Qc3 Nab6 46. Kf2 Na4 47. Qc1 Nab2 48. Be2 Qf7 49. Kg3 Qa7 50. Qg1 Nd2 51. Kh4 Qf7 52. Bf6 Qg6 53. Qxg6+ Kxg6 54. Bg7 Nbc4 55. Bh5+ Kh7 56. Bf7 Nf3+ 57. Kh5 Nxd4 58. Bg8+ Kxg8 59. Kg6 1-0

[Event "EYCC Girls-U18 2019"]
[Site "Bratislava"]
[Date "2019.08.09"]
[Round "8.12"]
[White "Nestorovic, Katarina"]
[Black "Swiech, Joanna"]
[Result "0-1"]
[ECO "C24"]
[WhiteElo "2179"]
[BlackElo "2025"]
[Annotator "NA"]
[PlyCount "100"]
[EventDate "2019.08.02"]
[EventType "swiss"]
[EventCountry "SVK"]
[SourceTitle "playchess.com"]
[Source "ChessBase"]
[SourceQuality "1"]
[TimeControl "40/5400+30:1800+30"]

1. e4 e5 2. Bc4 Nf6 3. d3 Nc6 4. Nc3 Na5 5. Qf3 c6 6. a3 Nxc4 7. dxc4 d6 8. Bg5 Be7 9. Nge2 Be6 10. Qd3 Qc7 11. O-O O-O 12. b3 Rad8 13. f4 exf4 14. Bxf4 Nd7 15. Qg3 Ne5 16. Nd4 Ng6 17. Be3 Bh4 18. Qf3 Qe7 19. Nf5 Bxf5 20. exf5 Ne5 21. Qf4 b6 22. Rad1 h6 23. Ne4 Bf6 24. Nxf6+ Qxf6 25. Qg3 Rfe8 26. Rd4 c5 27. Rh4 Kf8 28. Qh3 Ke7 29. g4 Kd7 30. Qg3 Nc6 31. g5 Qc3 32. Bf4 Qxg3+ 33. hxg3 hxg5 34. Bxg5 f6 35. Bf4 Kc7 36. Rh7 Rd7 37. g4 Nd4 38. Rf2 Re4 39. Kg2 Rde7 40. a4 Ne2 41. Bh2 Rxg4+ 42. Kh3 Rg5 43. c3 Re3+ 44. Kh4 Re4+ 45. Kh3 Re3+ 46. Kh4 Ng1 47. Bxg1 Rxg1 48. Rh2 Rxc3 49. Rh5 Rxb3 50. Rh3 Rb2 0-1

[Event "EYCC Girls-U18 2019"]
[Site "Bratislava"]
[Date "2019.08.09"]
[Round "8.13"]
[White "Nastase, Andreea-Cristina"]
[Black "Ziegenfuss, Antonia"]
[Result "1/2-1/2"]
[ECO "B29"]
[WhiteElo "1948"]
[BlackElo "2063"]
[Annotator "NA"]
[PlyCount "108"]
[EventDate "2019.08.02"]
[EventType "swiss"]
[EventCountry "SVK"]
[SourceTitle "playchess.com"]
[Source "ChessBase"]
[SourceQuality "1"]
[TimeControl "40/5400+30:1800+30"]

1. e4 c5 2. Nf3 Nf6 3. e5 Nd5 4. g3 Nc6 5. Bg2 d6 6. d4 e6 7. O-O dxe5 8. dxe5 Be7 9. Qe2 Qc7 10. Rd1 Bd7 11. c4 Nb6 12. Nc3 a6 13. Bf4 O-O-O 14. Ne4 Kb8 15. Nd6 Rdf8 16. a3 Bxd6 17. exd6 Qd8 18. Be3 Na5 19. Bxc5 Naxc4 20. b3 Na5 21. Ne5 Bb5 22. Qxb5 axb5 23. Bxb6 Qxb6 24. Nd7+ Ka7 25. Nxb6 Kxb6 26. Rd3 Rd8 27. d7 Nc6 28. Rc1 Kc7 29. Bxc6 bxc6 30. Rdc3 Rxd7 31. Rxc6+ Kb7 32. R6c5 Kb6 33. Rg5 f6 34. Rg4 Rhd8 35. Kg2 g5 36. a4 Rd4 37. Rxd4 Rxd4 38. axb5 Rd6 39. Rc8 Kxb5 40. Rf8 e5 41. Rf7 h6 42. Kf3 h5 43. Rb7+ Kc6 44. Rb8 Kc7 45. Rb4 Kd7 46. Ke3 f5 47. Rb7+ Ke6 48. Rh7 f4+ 49. gxf4 gxf4+ 50. Ke2 Kd5 51. Rxh5 Rb6 52. Rh3 e4 53. f3 exf3+ 54. Rxf3 Rh6 1/2-1/2

[Event "EYCC Girls-U18 2019"]
[Site "Bratislava"]
[Date "2019.08.09"]
[Round "8.14"]
[White "Poliakova, Varvara"]
[Black "Ferkova, Dominika"]
[Result "1-0"]
[ECO "A03"]
[WhiteElo "1872"]
[BlackElo "2009"]
[Annotator "NA"]
[PlyCount "51"]
[EventDate "2019.08.02"]
[EventType "swiss"]
[EventCountry "SVK"]
[SourceTitle "playchess.com"]
[Source "ChessBase"]
[SourceQuality "1"]
[TimeControl "40/5400+30:1800+30"]

1. f4 d5 2. Nf3 g6 3. g3 Bg7 4. Bg2 c5 5. d3 d4 6. O-O Nh6 7. e4 dxe3 8. Nc3 Nf5 9. Ng5 O-O 10. Nge4 Nc6 11. h3 c4 12. g4 cxd3 13. cxd3 Nh4 14. Bh1 e5 15. Bxe3 Bh6 16. Nd5 Kh8 17. Ndf6 exf4 18. Qe1 g5 19. Bxf4 Ng6 20. Bxg5 Bxg5 21. Nxg5 h6 22. Nge4 Qxd3 23. Rd1 Qb5 24. Qd2 Qb6+ 25. Rf2 Kg7 26. Nh5+ 1-0

[Event "EYCC Girls-U18 2019"]
[Site "Bratislava"]
[Date "2019.08.09"]
[Round "8.15"]
[White "Hryshchenko, Kamila"]
[Black "Chrysogelou, Athanasia-Panagiota"]
[Result "1-0"]
[ECO "B90"]
[WhiteElo "2060"]
[BlackElo "1770"]
[Annotator "NA"]
[PlyCount "59"]
[EventDate "2019.08.02"]
[EventType "swiss"]
[EventCountry "SVK"]
[SourceTitle "playchess.com"]
[Source "ChessBase"]
[SourceQuality "1"]
[TimeControl "40/5400+30:1800+30"]

1. e4 c5 2. Nf3 d6 3. d4 cxd4 4. Nxd4 Nf6 5. Nc3 a6 6. f3 e6 7. Be3 b5 8. Qd2 Nbd7 9. g4 h6 10. h4 Qc7 11. Rg1 b4 12. Nd1 e5 13. Nb3 a5 14. g5 hxg5 15. hxg5 Ng8 16. g6 fxg6 17. c3 a4 18. Nc1 bxc3 19. Nxc3 Ngf6 20. Bb5 a3 21. Nd3 axb2 22. Qxb2 Rb8 23. Rc1 Qa5 24. Nb4 Bb7 25. Kd1 Kd8 26. a4 Nb6 27. Qd2 Nfd7 28. Ncd5 Ra8 29. Bxb6+ Nxb6 30. Qg5+ 1-0

[Event "EYCC Girls-U18 2019"]
[Site "Bratislava"]
[Date "2019.08.09"]
[Round "8.16"]
[White "Kulpa, Zuzanna"]
[Black "Koubova, Anna Marie"]
[Result "1-0"]
[ECO "A50"]
[WhiteElo "1802"]
[BlackElo "2094"]
[Annotator "NA"]
[PlyCount "33"]
[EventDate "2019.08.02"]
[EventType "swiss"]
[EventCountry "SVK"]
[SourceTitle "playchess.com"]
[Source "ChessBase"]
[SourceQuality "1"]
[TimeControl "40/5400+30:1800+30"]

1. d4 Nf6 2. c4 g6 3. f3 c5 4. d5 d6 5. e4 e6 6. Nc3 exd5 7. cxd5 a6 8. a4 Bg7 9. Bg5 Nbd7 10. Nh3 O-O 11. Qd2 Ne5 12. Nf2 Re8 13. Be2 Qc7 14. O-O Rb8 15. Rfc1 Bd7 16. Bxf6 Bxf6 17. f4 1-0

[Event "EYCC Girls-U18 2019"]
[Site "Bratislava"]
[Date "2019.08.09"]
[Round "8.17"]
[White "Represa Perez, Mireya"]
[Black "Buchta, Agnieszka"]
[Result "1/2-1/2"]
[ECO "B80"]
[WhiteElo "2017"]
[BlackElo "1818"]
[Annotator "NA"]
[PlyCount "121"]
[EventDate "2019.08.02"]
[EventType "swiss"]
[EventCountry "SVK"]
[SourceTitle "playchess.com"]
[Source "ChessBase"]
[SourceQuality "1"]
[TimeControl "40/5400+30:1800+30"]

1. e4 c5 2. Nf3 e6 3. d4 cxd4 4. Nxd4 Nf6 5. Nc3 d6 6. g3 Nc6 7. Bg2 Bd7 8. O-O a6 9. a4 Be7 10. Nb3 O-O 11. f4 Rc8 12. g4 Nb4 13. g5 Ne8 14. Be3 Bc6 15. Qd2 f5 16. exf5 Bxg2 17. Qxg2 exf5 18. Rf3 d5 19. Rh3 Nd6 20. Nc5 Nc4 21. Ne6 Nxe3 22. Rxe3 Qb6 23. Rae1 Bc5 24. Nxc5 Qxc5 25. Kh1 d4 26. Re5 Qc6 27. Nd5 Nxd5 28. Qxd5+ Qxd5+ 29. Rxd5 Rxc2 30. Rxd4 Rxb2 31. Rd7 Rc8 32. a5 Kf8 33. Rd5 Rb5 34. Rxb5 axb5 35. Re5 b4 36. Rxf5+ Ke7 37. Rb5 Rc7 38. Rxb4 Ke6 39. Kg2 Kf5 40. Kf3 Rc3+ 41. Kf2 Rc5 42. Rxb7 Rxa5 43. Rxg7 Kxf4 44. h4 h6 45. g6 Kf5 46. h5 Ke6 47. Rb7 Rxh5 48. Rb6+ Ke7 49. Rb7+ Kf6 50. Rb6+ Kg7 51. Kg3 Rg5+ 52. Kh4 Rxg6 53. Rxg6+ Kxg6 54. Kg4 h5+ 55. Kh4 Kh6 56. Kh3 Kg5 57. Kg3 h4+ 58. Kh3 Kh5 59. Kh2 Kg4 60. Kg2 h3+ 61. Kh2 1/2-1/2

[Event "EYCC Girls-U18 2019"]
[Site "Bratislava"]
[Date "2019.08.09"]
[Round "8.18"]
[White "Duson, Robin"]
[Black "Golub, Nikolina"]
[Result "1/2-1/2"]
[ECO "D35"]
[WhiteElo "1936"]
[BlackElo "1856"]
[Annotator "NA"]
[PlyCount "49"]
[EventDate "2019.08.02"]
[EventType "swiss"]
[EventCountry "SVK"]
[SourceTitle "playchess.com"]
[Source "ChessBase"]
[SourceQuality "1"]
[TimeControl "40/5400+30:1800+30"]

1. d4 d5 2. c4 e6 3. Nc3 Nf6 4. cxd5 exd5 5. Bg5 c6 6. e3 Be7 7. Bd3 h6 8. Bh4 O-O 9. Qc2 Re8 10. Bg3 Bd6 11. Bxd6 Qxd6 12. Nf3 Nbd7 13. O-O a6 14. a4 Qe7 15. Nd2 c5 16. dxc5 Nxc5 17. Be2 Nce4 18. Nb3 Bf5 19. Nd4 Bh7 20. Bd3 Rac8 21. Rfd1 Nxc3 22. Bxh7+ Nxh7 23. bxc3 Nf6 24. Qb3 Rc7 25. Ne2 1/2-1/2

[Event "EYCC Girls-U18 2019"]
[Site "Bratislava"]
[Date "2019.08.09"]
[Round "8.19"]
[White "Belluire, Beatrice"]
[Black "Verbin, Valentina"]
[Result "1/2-1/2"]
[ECO "C11"]
[WhiteElo "1929"]
[BlackElo "1958"]
[Annotator "NA"]
[PlyCount "66"]
[EventDate "2019.08.02"]
[EventType "swiss"]
[EventCountry "SVK"]
[SourceTitle "playchess.com"]
[Source "ChessBase"]
[SourceQuality "1"]
[TimeControl "40/5400+30:1800+30"]

1. e4 e6 2. d4 d5 3. Nc3 Nf6 4. e5 Nfd7 5. Nce2 c5 6. c3 Nc6 7. f4 a6 8. Nf3 b5 9. a4 b4 10. f5 Be7 11. Nf4 Ndb8 12. Nh5 g6 13. f6 Bf8 14. Ng7+ Kd7 15. Ng5 Bxg7 16. Nxf7 Qf8 17. fxg7 Qxg7 18. Nxh8 Qxh8 19. Qf3 cxd4 20. Qf7+ Ne7 21. cxd4 Nbc6 22. Bg5 Bb7 23. Bxe7 Nxe7 24. Rc1 Qd8 25. Be2 Qb6 26. Bg4 Rc8 27. Ke2 h5 28. Bh3 g5 29. Qxh5 Qxd4 30. Qxg5 Qxb2+ 31. Qd2 Qxe5+ 32. Qe3 Qb2+ 33. Qd2 Qe5+ 1/2-1/2

[Event "EYCC Girls-U18 2019"]
[Site "Bratislava"]
[Date "2019.08.09"]
[Round "8.20"]
[White "Kocyigit, Buse Naz"]
[Black "Koridze, Lile"]
[Result "0-1"]
[ECO "B66"]
[WhiteElo "2045"]
[BlackElo "1950"]
[Annotator "NA"]
[PlyCount "46"]
[EventDate "2019.08.02"]
[EventType "swiss"]
[EventCountry "SVK"]
[SourceTitle "playchess.com"]
[Source "ChessBase"]
[SourceQuality "1"]
[TimeControl "40/5400+30:1800+30"]

1. e4 c5 2. Nf3 d6 3. d4 cxd4 4. Nxd4 Nf6 5. Nc3 Nc6 6. Bg5 e6 7. Qd2 a6 8. Nxc6 bxc6 9. O-O-O Qb6 10. Na4 Qc7 11. Bxf6 gxf6 12. Qf4 Be7 13. Bd3 Rb8 14. h4 Qa5 15. b3 Rg8 16. Qh6 d5 17. Rdg1 Ba3+ 18. Kd1 dxe4 19. Qxh7 Rg4 20. f3 e3 21. c3 Rxa4 22. Kc2 Bb2 23. Kxb2 Rxa2+ 0-1

[Event "EYCC Girls-U18 2019"]
[Site "Bratislava"]
[Date "2019.08.09"]
[Round "8.21"]
[White "Urh, Zala"]
[Black "Ucekajova, Veronika"]
[Result "1-0"]
[ECO "E73"]
[WhiteElo "2072"]
[BlackElo "1836"]
[Annotator "NA"]
[PlyCount "63"]
[EventDate "2019.08.02"]
[EventType "swiss"]
[EventCountry "SVK"]
[SourceTitle "playchess.com"]
[Source "ChessBase"]
[SourceQuality "1"]
[TimeControl "40/5400+30:1800+30"]

1. d4 Nf6 2. c4 g6 3. Nc3 Bg7 4. e4 d6 5. Be2 O-O 6. Be3 Nbd7 7. Nf3 c5 8. d5 b5 9. cxb5 a6 10. Nd2 axb5 11. Nxb5 Ba6 12. O-O Qa5 13. a4 Bxb5 14. Bxb5 Ne5 15. h3 Rfb8 16. f4 Ned7 17. Nc4 Qc7 18. Qc2 Nb6 19. Rad1 Nfd7 20. b3 Nxc4 21. bxc4 Nb6 22. Rd3 Ra7 23. Ra3 Rba8 24. Bd2 Bd4+ 25. Kh1 Nd7 26. Rb1 Nb6 27. a5 Nd7 28. a6 Kg7 29. Ba5 Qc8 30. Bc6 Rb8 31. Rxb8 Nxb8 32. Bb7 1-0

[Event "EYCC Girls-U18 2019"]
[Site "Bratislava"]
[Date "2019.08.09"]
[Round "8.22"]
[White "Maksimovic, Masa"]
[Black "Olde, Grete"]
[Result "0-1"]
[ECO "C96"]
[WhiteElo "2102"]
[BlackElo "1955"]
[Annotator "NA"]
[PlyCount "110"]
[EventDate "2019.08.02"]
[EventType "swiss"]
[EventCountry "SVK"]
[SourceTitle "playchess.com"]
[Source "ChessBase"]
[SourceQuality "1"]
[TimeControl "40/5400+30:1800+30"]

1. e4 e5 2. Nf3 Nc6 3. Bb5 a6 4. Ba4 Nf6 5. O-O Be7 6. Re1 b5 7. Bb3 d6 8. c3 O-O 9. h3 Na5 10. Bc2 c5 11. d4 Nd7 12. Nbd2 exd4 13. cxd4 Nc6 14. Nf1 Bf6 15. d5 Nce5 16. Ne3 Ng6 17. Ng4 Be7 18. a4 Rb8 19. axb5 axb5 20. Rb1 Nb6 21. b4 Bxg4 22. hxg4 c4 23. Nd4 Qd7 24. Nc6 Ra8 25. Nxe7+ Qxe7 26. g3 Na4 27. Bd2 Ne5 28. f4 c3 29. Bc1 Nc4 30. Qf3 Rfc8 31. Re2 Nab6 32. Qd3 g6 33. Kg2 Qf6 34. g5 Qe7 35. Qd4 Qb7 36. Kf3 Rc7 37. Rh2 Rac8 38. Bd3 Nd7 39. Re2 Re8 40. Kf2 Ndb6 41. Ra1 Qc8 42. Kg2 Rce7 43. Raa2 Rc7 44. Kf3 Nd7 45. Rh2 Nf8 46. Rac2 Nd7 47. Kf2 f6 48. gxf6 Rf8 49. Kg1 Nxf6 50. Rhe2 Qg4 51. Qf2 Nh5 52. Kh2 Ne5 53. Bxb5 Rcf7 54. Qg2 Nf3+ 55. Kh1 Nxg3+ 0-1

[Event "EYCC Girls-U18 2019"]
[Site "Bratislava"]
[Date "2019.08.09"]
[Round "8.23"]
[White "Ciocan, Maria-Alexandra"]
[Black "Tonso, Liina"]
[Result "1-0"]
[ECO "B20"]
[WhiteElo "2062"]
[BlackElo "1711"]
[Annotator "NA"]
[PlyCount "55"]
[EventDate "2019.08.02"]
[EventType "swiss"]
[EventCountry "SVK"]
[SourceTitle "playchess.com"]
[Source "ChessBase"]
[SourceQuality "1"]
[TimeControl "40/5400+30:1800+30"]

1. e4 c5 2. Be2 e6 3. f4 Nc6 4. Nf3 d5 5. d3 Nf6 6. e5 Nd7 7. c3 b5 8. Na3 Qb6 9. Nc2 a5 10. Be3 b4 11. O-O Be7 12. Bf2 a4 13. d4 bxc3 14. bxc3 c4 15. f5 Qa5 16. fxe6 fxe6 17. Qd2 Nf8 18. Bh4 h6 19. Bxe7 Nxe7 20. Nh4 Bd7 21. Rab1 O-O-O 22. Rf7 Nf5 23. Nxf5 exf5 24. Ne3 g6 25. Qb2 Qa7 26. Nxd5 Ne6 27. Bxc4 Ng5 28. Ba6+ 1-0

[Event "EYCC Girls-U18 2019"]
[Site "Bratislava"]
[Date "2019.08.09"]
[Round "8.24"]
[White "Manova, Ivana"]
[Black "Moscicka, Pola"]
[Result "0-1"]
[ECO "B23"]
[WhiteElo "1845"]
[BlackElo "1870"]
[Annotator "NA"]
[PlyCount "69"]
[EventDate "2019.08.02"]
[EventType "swiss"]
[EventCountry "SVK"]
[SourceTitle "playchess.com"]
[Source "ChessBase"]
[SourceQuality "1"]
[TimeControl "40/5400+30:1800+30"]

1. e4 c5 2. Nc3 Nc6 3. f4 e6 4. Nf3 d5 5. d3 d4 6. Ne2 Nf6 7. g3 Be7 8. Bg2 O-O 9. O-O Rb8 10. h3 b5 11. g4 Bb7 12. Ng3 Qc7 13. g5 Nd7 14. Nh2 Bd6 15. Nh5 c4 16. Qg4 Kh8 17. Qh4 cxd3 18. cxd3 Nb4 19. Ng4 Nxd3 20. Bd2 Qc2 21. Ba5 b4 22. Rad1 Rbc8 23. a3 bxa3 24. bxa3 Qa4 25. Bd2 Rc2 26. f5 exf5 27. Rxf5 Rc5 28. Nxg7 Rxf5 29. Nxf5 Qxd1+ 30. Bf1 N7e5 31. Qh6 Nf3+ 32. Kg2 Qxd2+ 33. Kh1 Qxg5 34. Qxd6 Rd8 35. Qc7 0-1